 Dungeon Crawl Stone Soup version 0.24.0-13-gcf9b319 (webtiles) character file.

Game seed: 2369334208779340778, levelgen mode: deterministic

10776 kale the Spear-Bearer (level 11, -1/74 HPs)
             Began as a Merfolk Skald on Mar 18, 2020.
             Was a Priest of Hepliaklqana.
             Slain by an orc warrior
             ... wielding a +0 long sword
              (2 damage)
             ... on level 10 of the Dungeon.
             The game lasted 02:08:39 (12224 turns).

kale the Spear-Bearer (Merfolk Skald)              Turns: 12224, Time: 02:08:39

Health: -1/74      AC:  8    Str: 11    XL:     11   Next: 67%
Magic:  20/20      EV: 18    Int: 13    God:    Hepliaklqana [***...]
Gold:   550        SH:  0    Dex: 19    Spells: 10/22 levels left

rFire    . . .     SeeInvis .   b - +11 great mace of Tender Mercy {speed, rPois rN++ MR+ Dex-2}
rCold    . . .     Gourm    +   (shield currently unavailable)
rNeg     + + .     Faith    .   x - +0 leather armour
rPois    +         Spirit   .   (no helmet)
rElec    .         Reflect  .   c - +1 cloak {MR+}
rCorr    .         Harm     .   S - +1 pair of gloves
MR       ++...                  q - +0 pair of boots
Stlth    +++.......             i - amulet of the gourmand
HPRegen  0.22/turn              T - +4 ring of dexterity
MPRegen  0.17/turn              (no ring)

@: no status effects
A: change form in water, swift swim, stealthy swim, reduced essence
a: Recall Ancestor, Ancestor Identity, Transference, Renounce Religion


You were on level 10 of the Dungeon.
You worshipped Hepliaklqana.
Hepliaklqana was most pleased with you.
You were not hungry.

You visited 3 branches of the dungeon, and saw 13 of its levels.

You collected 709 gold pieces.
You spent 159 gold pieces at shops.

Inventory:

Hand Weapons
 a - a +2 spear
 b - the +11 great mace of Tender Mercy (weapon) {speed, rPois rN++ MR+ Dex-2}
   (You took it off an ogre on level 5 of the Dungeon)

   Attacks with this weapon are significantly faster.
   It affects your dexterity (-2).
   It protects you from poison.
   It greatly protects you from negative energy.
   It affects your resistance to hostile enchantments.
 j - a +0 dire flail
 p - a +4 scimitar of flaming
 v - a +0 falchion of holy wrath
 F - a +1 hand axe of freezing
 L - a +0 trident
Missiles
 n - 7 atropa-tipped darts
 w - 7 boomerangs (quivered)
 I - 6 throwing nets
Armour
 c - a +1 cloak of magic resistance (worn)
 q - a +0 pair of boots (worn)
 x - a +0 leather armour (worn)
 S - a +1 pair of gloves (worn)
 U - a +0 leather armour
 X - a +0 buckler
Magical Staves
 Q - an uncursed staff of wizardry {unknown}
Jewellery
 i - an amulet of the gourmand (around neck)
 N - a cursed -2 ring of protection
 T - a +4 ring of dexterity (left hand)
Wands
 C - a wand of scattershot (4)
 J - a wand of digging (6)
 K - a wand of paralysis (8)
 V - a wand of acid (5)
 Y - a wand of polymorph (8)
 Z - a wand of iceblast (9)
Scrolls
 f - 8 scrolls of teleportation
 g - 2 scrolls of magic mapping {unknown}
 h - 2 scrolls of random uselessness
 k - a scroll of amnesia
 r - 2 scrolls of blinking {unknown}
 s - 5 scrolls of remove curse
 u - 2 scrolls of fog
 y - 3 scrolls of noise {unknown}
 z - 3 scrolls of identify
 A - 2 scrolls of enchant armour {unknown}
 D - a scroll of enchant weapon
 H - 2 scrolls of summoning {unknown}
 M - a scroll of immolation {unknown}
Potions
 e - 2 potions of haste
 l - 2 potions of flight {unknown}
 m - 3 potions of berserk rage
 o - a potion of heal wounds
 t - a potion of curing
 B - a potion of magic {unknown}
 E - a potion of cancellation {unknown}
 G - a potion of mutation {unknown}
 O - a potion of agility {unknown}
 R - 3 potions of lignification
 W - a potion of invisibility {unknown}
Comestibles
 d - 14 rations


   Skills:
 + Level 6.5 Fighting
 * Level 5.5 Maces & Flails
 + Level 11.1 Polearms
 + Level 3.3 Throwing
 + Level 3.4 Armour
 + Level 8.6 Dodging
 + Level 6.1 Stealth
 + Level 6.4 Spellcasting
 + Level 1.1 Hexes
 + Level 8.0 Charms
 + Level 0.4 Necromancy
 + Level 3.8 Translocations


You had 10 spell levels left.
You knew the following spells:

 Your Spells              Type           Power        Failure   Level  Hunger
a - Infusion              Chrm           ####         1%          1    None
b - Song of Slaying       Chrm           ####....     1%          2    #......
c - Shroud of Golubria    Chrm/Tloc      ###...       2%          2    #......
d - Regeneration          Chrm/Necr      ###.......   11%         3    ###....
e - Spectral Weapon       Hex/Chrm       ###.....     10%         3    ###....
f - Corona                Hex            #......      13%         1    None

Your spell library contained the following spells:

 Spells                   Type           Power        Failure   Level  Hunger
 Animate Skeleton         Necr           N/A          17%         1    None
 Pain                     Necr           #...         17%         1    None
 Ensorcelled Hibernation  Hex/Ice        #.....       24%         2    #......
 Confuse                  Hex            #.......     36%         3    ###....
 Tukima's Dance           Hex            #.......     36%         3    ###....
 Dazzling Spray           Conj/Hex       #.....       43%         3    ###....
 Vampiric Draining        Necr           #.........   45%         3    ###....
 Animate Dead             Necr           N/A          86%         4    ####...


Dungeon Overview and Level Annotations

Branches:
Dungeon (11/15)            Temple (1/1) D:5            Lair (1/6) D:9
    Orc: D:9-12

Altars:
Ashenzari
Cheibriados
Dithmenos
Elyvilon
Fedhas
Gozag
Hepliaklqana
Kikubaaqudgha
Makhleb
Nemelex Xobeh
Okawaru
Qazlal
Ru
Sif Muna
Trog
Vehumet
Wu Jian
Xom
Yredelemnul
Zin
The Shining One

Shops:
D:6 =   D:7 ?


Message History

The orc warrior hits you with a +0 long sword.
* * * LOW HITPOINT WARNING * * *
The orc warrior hits you with a +0 long sword!!
* * * LOW HITPOINT WARNING * * *
Shedsu-nefertum misses the orc warrior.
The orc warrior misses you.
Shedsu-nefertum points at the orc warrior and mumbles some strange words.
The orc warrior resists with some effort.
The orc warrior misses you.
Shedsu-nefertum hits the orc warrior but does no damage.
Shedsu-nefertum casts a spell at the orc warrior.
The orc warrior seems to slow down.
The orc warrior hits you with a +0 long sword.
* * * LOW HITPOINT WARNING * * *
Shedsu-nefertum gestures at the orc warrior while chanting.
The orc warrior appears confused.
Shedsu-nefertum gestures at the orc warrior while chanting.
The orc warrior seems to slow down.
The orc warrior hits you with a +0 long sword.
You die...

###########......................
#..###################. #..# #..#
#..# ######..#
.............###################.
.................................
................@R...............
#################o##############.
#.# #.# ######.##############.
................<......
.......................
..............######### #
############..#


You could see the friendly Shedsu-nefertum the hexer and an orc warrior
(confused).

Vanquished Creatures
  Harold (D:10)
  A two-headed ogre (D:5)
  Erica (D:10)
  A manticore (D:9)
  A cyclops (D:10)
  A centaur zombie (D:10)
  The ghost of ChodeyFoster the Cudgeler, a novice DrBe of Trog (D:6)
  3 hippogriffs
  The ghost of Zeldest the Cudgeler, an amateur TrMo (D:5)
  A wyvern (D:9)
  A vampire mosquito (D:10)
  A water moccasin (D:10)
  6 orc warriors
  An ice beast (D:9)
  A phantom (D:6)
  2 sky beasts
  8 ogres
  2 centaurs
  3 big kobolds
  3 bullfrogs
  A wyvern skeleton (D:9)
  2 scorpions
  5 killer bees (D:10)
  A wight (D:10)
  2 crimson imps (D:7)
  A quasit (D:10)
  3 hounds
  5 orc priests
  2 centaur skeletons (D:10)
  A jelly (D:3)
  5 iguanas
  12 orc wizards
  2 worker ants (D:7)
  A killer bee zombie (D:7)
  A hound zombie (D:8)
  A howler monkey zombie (D:5)
  7 gnolls
  11 adders
  A worm (D:4)
  3 dart slugs
  5 leopard geckos
  43 orcs
  10 giant cockroaches
  7 goblins
  6 hobgoblins
  3 jackals (D:2)
  12 kobolds
  2 quokkas
  4 ball pythons
  4 bats
  3 frilled lizards
  A giant cockroach zombie (D:5)
  A leopard gecko skeleton (D:6)
  A quokka skeleton (D:7)
  2 quokka zombies
  9 rats
220 creatures vanquished.

Vanquished Creatures (collateral kills)
  An unseen horror (D:10)
  Maurice (D:10)
  Prince Ribbit (D:9)
  A steam dragon (D:10)
  2 ice beasts
  An orc warrior (D:10)
  A phantom (D:9)
  2 bullfrogs
  A killer bee (D:10)
  A howler monkey (D:4)
  A bullfrog zombie (D:7)
  A hound (D:10)
  3 jellies
  A centaur skeleton (D:4)
  3 orc priests
  A bullfrog skeleton (D:9)
  An orc wizard (D:5)
  An iguana (D:9)
  2 worker ants
  A hound skeleton (D:8)
  3 adders
  2 shadow imps
  An adder zombie (D:6)
  A dart slug (D:4)
  9 orcs
  A giant cockroach (D:5)
  A hobgoblin (D:3)
  A jackal (D:10)
  2 quokkas
  2 ball pythons
50 creatures vanquished.

Vanquished Creatures (others)
  10 hexers
  2 ancestors
12 creatures vanquished.

Grand Total: 282 creatures vanquished

Notes
Turn   | Place    | Note
-------+----------+-------------------------------------------
     0 | D:1      | kale the Merfolk Skald began the quest for the Orb.
     0 | D:1      | Reached XP level 1. HP: 16/16 MP: 3/3
   108 | D:1      | Reached XP level 2. HP: 8/22 MP: 1/5
   645 | D:1      | Learned a level 2 spell: Song of Slaying
   648 | D:1      | Learned a level 2 spell: Shroud of Golubria
   857 | D:1      | Reached XP level 3. HP: 26/28 MP: 6/6
  1037 | D:2      | Reached skill level 1 in Armour
  1077 | D:2      | Reached skill level 7 in Polearms
  1077 | D:2      | Reached skill level 5 in Charms
  1077 | D:2      | Reached XP level 4. HP: 28/37 MP: 6/9
  1725 | D:2      | Reached XP level 5. HP: 42/42 MP: 4/10
  2503 | D:3      | Found an opulent altar of Gozag.
  2518 | D:3      | Found a sacrificial altar of Ru.
  2519 | D:3      | Found a shattered altar of Ashenzari.
  2519 | D:3      | Found a burning altar of Makhleb.
  2519 | D:3      | Found a hazy altar of Hepliaklqana.
  2524 | D:3      | Found a blossoming altar of Fedhas.
  2525 | D:3      | Found a shimmering blue altar of Sif Muna.
  2545 | D:3      | Found a glowing golden altar of the Shining One.
  2554 | D:3      | Became a worshipper of Hepliaklqana the Forgotten
  2705 | D:3      | Reached XP level 6. HP: 31/43 MP: 5/11
  3010 | D:4      | Found a shimmering altar of Xom.
  3021 | D:5      | Entered Level 5 of the Dungeon
  3049 | D:5      | Found a staircase to the Ecumenical Temple.
  3053 | Temple   | Entered the Ecumenical Temple
  3436 | D:4      | Reached XP level 7. HP: 44/48 MP: 12/12
  3748 | D:4      | Reached skill level 8 in Polearms
  3939 | D:5      | Found a transporter.
  3942 | D:5      | Identified the +11 great mace of Tender Mercy {speed, rPois
                  | rN++ MR+ Dex-2}
  3942 | D:5      | Noticed Zeldest's ghost (amateur TrMo)
  3990 | D:5      | Reached * piety under Hepliaklqana
  4127 | D:6      | Found Pingar's Jewellery Emporium.
  4447 | D:6      | Found a runed translucent door.
  4452 | D:6      | Noticed ChodeyFoster's ghost (novice DrBe)
  4496 | D:6      | Reached XP level 8. HP: 50/54 MP: 1/14
  4518 | D:6      | Found a runed translucent door.
  5078 | D:7      | Found Iniwog's Magic Scroll Emporium.
  5086 | D:7      | Bought a scroll of identify for 22 gold pieces
  5086 | D:7      | Bought a scroll of teleportation for 33 gold pieces
  5086 | D:7      | Bought a scroll of enchant weapon for 82 gold pieces
  5513 | D:7      | Reached skill level 5 in Fighting
  5548 | D:7      | Reached skill level 9 in Polearms
  5708 | D:8      | Reached ** piety under Hepliaklqana
  5711 | D:7      | Remembered your ancestor Shedsu-nefertum as a hexer
  6090 | D:7      | Reached XP level 9. HP: 53/61 MP: 6/16
  6602 | D:8      | Reached skill level 5 in Spellcasting
  7196 | D:10     | Entered Level 10 of the Dungeon
  7440 | D:9      | Found a staircase to the Lair.
  7480 | D:9      | Reached skill level 5 in Stealth
  7603 | D:9      | Reached *** piety under Hepliaklqana
  7706 | D:9      | Reached skill level 10 in Polearms
  7706 | D:9      | Reached XP level 10. HP: 66/66 MP: 7/18
  7864 | D:9      | Noticed Prince Ribbit
  8001 | D:9      | Noticed a manticore
  8017 | Lair:1   | Entered Level 1 of the Lair of Beasts
  8019 | Lair:1   | Noticed a black mamba
  8260 | D:10     | Learned a level 3 spell: Regeneration
  8264 | D:10     | Learned a level 3 spell: Spectral Weapon
  8266 | D:10     | Learned a level 1 spell: Corona
  8272 | D:10     | Noticed Erica
  8280 | D:10     | HP: 3/66 [poisoned by Erica (bolt of poison)]
  8283 | D:10     | HP: 1/66 [poisoned by Erica (bolt of poison)]
  8457 | D:9      | Killed Prince Ribbit
  8483 | D:9      | Killed a manticore
  8847 | D:5      | Found a transporter.
  8916 | D:5      | Killed Zeldest's ghost
  9018 | D:5      | Reached skill level 1 in Hexes
  9369 | D:5      | Noticed a two-headed ogre
  9935 | D:5      | Killed a two-headed ogre
  9935 | D:5      | Reached skill level 1 in Maces & Flails
  9994 | D:6      | Killed ChodeyFoster's ghost
 10136 | D:7      | Bought a scroll of identify for 22 gold pieces
 10236 | D:10     | Reached XP level 11. HP: 28/72 MP: 3/20
 10542 | D:10     | Noticed Maurice
 10597 | D:10     | Killed an unseen horror
 10727 | D:10     | Killed Maurice
 10746 | D:10     | Noticed a cyclops
 11094 | D:10     | Reached skill level 11 in Polearms
 11114 | D:10     | Killed a cyclops
 11225 | D:10     | Noticed a centaur warrior
 11549 | D:10     | Noticed an orc knight
 11619 | D:10     | HP: 2/72 [orc knight/+1 bardiche (19)]
 12114 | D:10     | Noticed Harold
 12129 | D:10     | Killed Harold
 12129 | D:10     | Reached skill level 5 in Maces & Flails
 12161 | D:10     | Killed Erica
 12218 | D:10     | HP: 3/74 [orc warrior/+0 long sword (19)]
 12222 | D:10     | HP: 1/74 [orc warrior/+0 long sword (3)]
 12224 | D:10     | Slain by an orc warrior

Levels and vault maps discovered:
D:1:      dpeg_arrival_ternary, layout_basic, corexii_hall_statues_i,
          chequers_arboretum, st_stairs_5
D:2:      layout_basic, first_ration
D:3:      cheibrodos_pilgrimage, layout_loops_ring, minitemple
D:4:      layout_gridville, hangedman_abyss_or_decor_passed, dk_xom_monty_hall
D:5:      layout_rooms, kennysheep_mini, minmay_temple_entry_steel_oval,
          gammafunk_ghost_smash
D:6:      layout_cave_pools, ebering_ghost_sewer_f, serial_shops,
          nicolae_shop_stone
D:7:      wander_river, layout_loops_ring, serial_shops, shop_fountains
D:8:      layout_rooms, kennysheep_cross_bottleneck
D:9:      layout_irregular_city, lair_entry_dummy, uniq_prince_ribbit1
D:10:     kennysheep_windowed_halls, layout_long_grid, orc_david_3, uniq_harold,
          uniq_erica, uniq_maurice
D:11:     layout_roguey, hangedman_ranch [blue_anna_fruit_fields],
          uniq_gastronok, uniq_erolcha
Temple:   cyrus_circular_temple
Lair:1:   layout_misc_corridors, serial_bayou_shore_b

Skill      XL: |  1  2  3  4  5  6  7  8  9 10 11 |
---------------+----------------------------------+-----
Dodging        | 3 6 7 8 |  8.6
Armour         | 2 3 |  3.4
Fighting       | 4 5 6 |  6.5
Polearms       | 7 8 9 10 11 | 11.1
Throwing       | 2 3 |  3.3
Stealth        | 3 4 5 6 |  6.1
Spellcasting   | 3 4 5 6 |  6.4
Charms         | 5 6 7 8 |  8.0
Translocations | 2 3 |  3.8
Hexes          | 1 |  1.1
Maces & Flails | 2 5 |  5.5
Necromancy     | |  0.4

Action                   |  1- 3 |  4- 6 |  7- 9 | 10-12 || total
-------------------------+-------+-------+-------+-------++-------
Melee: Spear             |    89 |   228 |   455 |    97 ||   869
       Tailslap          |       |       |     2 |       ||     2
       Trident           |       |       |       |    78 ||    78
       Great mace        |       |       |       |   137 ||   137
Throw: Stone             |    12 |     3 |       |       ||    15
       Boomerang         |       |    13 |    12 |     8 ||    33
 Cast: Infusion          |     1 |    12 |    23 |    15 ||    51
       Song of Slaying   |     1 |     4 |    15 |     9 ||    29
       Shroud of Golubri |       |     9 |    30 |    32 ||    71
       Regeneration      |       |       |       |     4 ||     4
       Corona            |       |       |       |     1 ||     1
       Spectral Weapon   |       |       |       |     1 ||     1
Invok: Ancestor Life: He |       |       |     1 |       ||     1
       Recall Ancestor   |       |       |     1 |     3 ||     4
  Use: Scroll            |     3 |     1 |     9 |     5 ||    18
       Potion            |     1 |       |     1 |     3 ||     5
 Stab: Sleeping          |     1 |    11 |     7 |     5 ||    24
       Distracted        |       |       |     5 |     1 ||     6
       Confused          |       |       |     4 |     2 ||     6
  Eat: Chunk             |     1 |       |    17 |    11 ||    29
       Ration            |       |     3 |     2 |       ||     5
Armor: Leather armour    |    18 |    24 |    24 |    42 ||   108
Dodge: Dodged            |    46 |   100 |   228 |   226 ||   600
